 Dungeon Crawl Stone Soup version 0.30-a0-840-ga523dec638 (webtiles) character file.

Game seed: 9617193143543269411

39 Esekla the Sneak (level 3, -9/26 HPs)
             Began as an Octopode Delver on Mar 1, 2023.
             Was an Initiate of Gozag.
             Killed from afar by an orc wizard (12 damage)
             ... with a puff of flame
             ... on level 5 of the Dungeon.
             The game lasted 00:02:28 (119 turns).

Esekla the Sneak (Octopode Delver)                   Turns: 119, Time: 00:02:29

Health: -9/26      AC:  1    Str: 11    XL:     3   Next: 47%
Magic:  4/4        EV: 13    Int: 14    God:    Gozag
Gold:   21         SH:  0    Dex: 13    Spells: 3/3 levels left

rFire   . . .      SeeInvis .    a - +0 falchion
rCold   . . .      Faith    .    (no shield)
rNeg    . . .      Spirit   .    (helmet restricted)
rPois   .          Reflect  .    (no amulet)
rElec   .          Harm     .    (no ring)
rCorr   .          Rampage  .    (no ring)
Will    .....                    (no ring)
Stlth   ++                       (no ring)
HPRegen 0.24/turn                (no ring)
MPRegen 0.09/turn                (no ring)
                                 (no ring)
                                 (no ring)

@: confused
A: almost no armour, amphibious, 8 rings, camouflage 1, gelatinous body 1,
(nimble swimmer 1), tentacles
a: Renounce Religion, Potion Petition, Call Merchant, Bribe Branch


You were on level 5 of the Dungeon.
You worshipped Gozag.
Gozag was noncommittal.
You visited 2 branches of the dungeon, and saw 2 of its levels.

You collected 27 gold pieces.
You paid 6 gold pieces to Gozag.

Inventory:

Hand Weapons
 a - a +0 falchion (weapon)
 d - a +0 spear
Wands
 f - a wand of digging (3)
Scrolls
 b - a scroll of fog
 c - a scroll of poison {unknown}


   Skills:
 * Level 3.3 Fighting
 * Level 2.2 Long Blades
 * Level 2.2 Dodging
 + Level 7.2 Stealth
 * Level 0.8 Spellcasting


You had 3 spell levels left.
You didn't know any spells.
Your spell library was empty.

Dungeon Overview and Level Annotations

Branches:
Dungeon (5/15)             Temple (1/1) D:5

Altars:
Gozag
Hepliaklqana
Kikubaaqudgha
Xom


Innate Abilities, Weirdness & Mutations

You cannot wear most types of armour.
You are amphibious.
You can wear up to eight rings at the same time.
Your skin changes colour to match your surroundings (Stealth+).
Your rubbery body absorbs attacks. (AC +1, EV +1)
((You are camouflaged when in or above water. (Stealth+)))
You have tentacles for arms and can constrict up to eight enemies at once.


Message History

You feel sick.
You are no longer poisoned.
There is a staircase to the Ecumenical Temple here.
Found a spear.
Found a hazy altar of Hepliaklqana.
Your extra speed is starting to run out.
Found a bone wand.
You see here a +0 spear.
d - a +0 spear You feel yourself slow down.
An orc wizard comes into view.
It is wielding a +0 dagger and wearing a +0 robe of resistance.
Found a scroll labelled QAFOFE COIPP.
The orc wizard shouts!
The orc wizard casts a spell at you. You resist with significant effort.
An orc wizard comes into view. It is wielding a +0 dagger.
Found a stone staircase leading up.
An orc wizard comes into view. It is wielding a +0 dagger.
Found a stone staircase leading up.
A hound comes into view.
The orc wizard casts a spell.
The orc wizard flickers and vanishes!
Deactivating autopickup; reactivate with Ctrl-A.
The orc wizard casts a spell at you.
You are confused.
You're too confused to move!
You aren't carrying any potions.
You are too confused!
Unknown command.
A magic dart appears from out of thin air!
The magic dart hits you!
* * * LOW HITPOINT WARNING * * *
The hound barely misses you. The hound barely misses you. The hound bites you.
* * * LOW HITPOINT WARNING * * *
The orc wizard gestures at you while chanting.
The puff of flame hits you!
You die...
Your body crumbles into a pile of gold.

###
#.#...#.+#....,,,,,,******
#######.###........,,,,,,,*
.....##...#.......,********
.....###..##..#.#***
.......#..P.....#######
.........P............#
......P.#.............#
....P#P§.§P§...oh.....#
.......#.§P#P...@.....#
####..P#......P/......#
....#..P#..P..........#
#.#.##§.P#P..P........#
#.#.#.......P....<....#
#*#.......####........#
##*####.#**#........#
**,...,,.........#
******,,,,*************


You could see a hound and an orc wizard.

Vanquished Creatures
  A hound (D:5)
  An adder (D:5)
2 creatures vanquished.

Notes
Turn   | Place    | Note
-------+----------+-------------------------------------------
     0 | D:5      | Esekla the Octopode Delver began the quest for the Orb.
     0 | D:5      | Reached XP level 1. HP: 16/16 MP: 1/1
    10 | D:5      | Noticed an iguana
    14 | D:5      | Found a staircase to the Ecumenical Temple.
    24 | Temple   | Entered the Ecumenical Temple
    30 | Temple   | Became a worshipper of Gozag Ym Sagoz the Greedy
    41 | D:5      | Noticed a hound
    56 | D:5      | Killed a hound
    57 | D:5      | Reached skill level 7 in Stealth
    57 | D:5      | Reached XP level 2. HP: 8/21 MP: 1/3
    57 | D:5      | Reached XP level 3. HP: 10/26 MP: 1/4
    96 | D:5      | Found a hazy altar of Hepliaklqana.
   119 | D:5      | Killed from afar by an orc wizard

Illustrated notes

Levels and vault maps discovered:
D:5:      layout_basic, nicolae_hepliaklqana_hazy_memory,
          minmay_temple_entry_crystal_x
Temple:   eino_wide_crystal_templ

Skill      XL: |  1 |
---------------+----+-----
Stealth        | 7 |  7.2
Fighting       | |  3.3
Long Blades    | |  2.2
Dodging        | |  2.2
Spellcasting   | |  0.8

Action                     || total
---------------------------++-------
  Melee: Falchion          ||    12
         Constrict         ||     2
         Tentacles         ||     1
    Use: Scroll            ||     2
         Potion            ||     1
 Armour: Skin              ||     1
  Dodge: Dodged            ||    14

Table legend: (Time is in decaauts)
 A = Elapsed time spent in this place.
 B = Non-inter-level travel time spent in this place.
 C = Inter-level travel time spent in this place.
 D = Time resting spent in this place.
 E = Time spent auto-exploring this place.
 F = Levels seen in this place.
 G = Mean time per level.
                   A        B        C        D        E       F      G
               +--------+--------+--------+--------+--------+-----+--------+
         Total |    103 |    103 |      0 |      0 |      0 |   2 |   51.5 |
       Dungeon |     90 |     90 |      0 |      0 |      0 |   1 |   90.0 |
        Temple |     12 |     12 |      0 |      0 |      0 |   1 |   12.0 |
               +--------+--------+--------+--------+--------+-----+--------+

Top non-repeatable levels by time:
     D:5: 90 daAuts
  Temple: 12 daAuts
